 Dungeon Crawl Stone Soup version 0.27.0-1-g7a089689b8 (webtiles) character file.

Game seed: 15345321788886563606

53 quinnr the Gusty (level 3, -3/16 HPs)
             Began as a Vine Stalker Air Elementalist on Aug 14, 2021.
             Killed by divine providence
             ... invoked by an orc priest
              (8 damage)
             ... on level 2 of the Dungeon.
             The game lasted 00:05:19 (2995 turns).

quinnr the Gusty (Vine Stalker Air Elementalist)    Turns: 2995, Time: 00:05:21

Health: -3/16      AC:  2    Str: 10    XL:     3   Next: 89%
Magic:  0/7        EV: 12    Int: 16    God:
Gold:   88         SH:  0    Dex: 14    Spells: 4/6 levels left

rFire    . . .     SeeInvis .   k - staff of death
rCold    . . .     Faith    .   (no shield)
rNeg     + . .     Spirit   +   a - +0 robe
rPois    .         Reflect  .   (no helmet)
rElec    .         Harm     .   (no cloak)
rCorr    .         Rampage  .   (no gloves)
Will     .....                  (no boots)
Stlth    ++........             (no amulet)
HPRegen  0.05/turn              (no ring)
MPRegen  0.10/turn              (no ring)

@: no status effects
A: fangs 2, magic shield, antimagic bite, no potion heal 2, talons 1,
deterioration 1, noise suppression
a: no special abilities


You were on level 2 of the Dungeon.
You visited 1 branch of the dungeon, and saw 2 of its levels.

You collected 88 gold pieces.

Inventory:

Armour
 a - a +0 robe (worn)
Magical Staves
 k - a staff of death (weapon)
Scrolls
 c - a scroll of magic mapping {unknown}
 e - 3 scrolls of teleportation {unknown}
 f - 2 scrolls of fear {unknown}
 g - a scroll of immolation {unknown}
 i - a scroll of enchant weapon {unknown}
 j - a scroll of vulnerability {unknown}
Potions
 b - a potion of magic
 h - a potion of resistance


   Skills:
 - Level 1.5 Dodging
 + Level 3.6 Stealth
 - Level 2.1 Spellcasting
 - Level 1.0 Conjurations
 + Level 4.2 Air Magic


You had 4 spell levels left.
You knew the following spells:

 Your Spells              Type           Power      Damage    Failure   Level
a - Shock                 Conj/Air       40%        1d5       7%          1
b - Animate Skeleton      Necr           4%         N/A       21%         1

Your spell library contained the following spells:

 Spells                   Type           Power      Damage    Failure   Level
 Static Discharge         Conj/Air       10%        N/A       11%         2
 Swiftness                Air            15%        N/A       11%         3
 Pain                     Necr           8%         1d4       21%         1
 Airstrike                Air            7%         N/A       34%         4
 Vampiric Draining        Necr           1%         2d6       52%         3
 Sticky Flame             Conj/Fire      3%         2d3       86%         4
 Dispel Undead            Necr           2%         3d7       90%         4


Dungeon Overview and Level Annotations

Branches:
Dungeon (2/15)

Altars:


Innate Abilities, Weirdness & Mutations

You have extremely sharp teeth.
When hurt, damage is shared between your health and your magic reserves.
Your bite disrupts and absorbs the magic of your enemies.
Potions cannot restore your health.
You have sharp toenails.
Your body sometimes deteriorates upon taking damage.
You passively dampen the noise of your surroundings.


Message History

There is a stone staircase leading up here.
There is a stone staircase leading down here.
There is an open door here.
There is an open door here.
There is an open door here.
There is an open door here.
There is an open door here.
There is an open door here.
There is an open door here.
You see here a +0 club.
There is an open door here.
There is an open door here.
There is an open door here.
There is an open door here.
There is an open door here.
Things that are here:
a +0 dagger; 3 stones You see here a +0 dagger.
You see here a +0 flail.
An orc priest is nearby!
Remembered map restored.
The zap misses the orc priest.
The orc priest mumbles some strange prayers to Beogh against you.
Beogh smites you!
Ouch! That really hurt!
It was a potion of mutation.
You feel extremely strange.
Your toenails lengthen and sharpen.
You feel yourself wasting away.
You feel your surroundings grow quieter.
Casting: Shock (safe; 7% risk of failure)
Confirm with . or Enter, or press ? or * to list all spells.
Aiming: Shock (safe; 7% risk of failure)
Press: ? - help, Shift-Dir - straight line, p - orc priest The zap hits the orc priest.
The orc priest is moderately wounded.
The zap hits the orc priest.
The orc priest is moderately wounded.
The orc priest calls down the wrath of Beogh upon you.
Beogh smites you!
Ouch! That really hurt!
You die...

#.....###...#.....#.##########
###..#.## ##..####.##.##.......#
......### ##.##........)#####)#
........# ##..##.#.#.........#.#
........###...##.#.#..######.#.#
.........#.....#.#o#..# #.#.#
###..............#.#..#### #.#.#
#.....#..#...###o#.....# #.#.#
##.#..........@..#.###.###.#.##
#.#..#..#....####.#.....#.#)..
####(#..#.......# #.#.....#.####
.....#..#..#....# #.........# #
.#####.>#.......# ###.....### #
.# #..#...#...# #.....# # .#
#..#...#...########.### #
.#####..#...#............# #
....).........^.########## #


You could see an orc priest.

Vanquished Creatures
  An adder (D:2)
  A worm (D:2)
  3 orcs (D:2)
  3 endoplasms (D:1)
  2 giant cockroaches (D:1)
  4 goblins
  A hobgoblin (D:2)
  3 jackals
  5 ball pythons
  4 bats
  3 frilled lizards
  5 kobolds
  4 rats
39 creatures vanquished.

Notes
Turn   | Place    | Note
-------+----------+-------------------------------------------
     0 | D:1      | quinnr the Vine Stalker Air Elementalist began the quest
                  | for the Orb.
     0 | D:1      | Reached XP level 1. HP: 9/9 MP: 4/4
   245 | D:1      | Reached XP level 2. HP: 13/13 MP: 4/6
   978 | D:2      | Reached XP level 3. HP: 16/16 MP: 4/7
  1295 | D:2      | Reached skill level 4 in Air Magic
  1542 | D:2      | Found a faded altar of an unknown god.
  2045 | D:2      | Learned a level 1 spell: Animate Skeleton
  2520 | D:2      | Found a faded altar of an unknown god.
  2994 | D:2      | Gained mutation: You have sharp toenails. [potion of
                  | mutation]
  2994 | D:2      | Gained mutation: Your body sometimes deteriorates upon
                  | taking damage. [potion of mutation]
  2994 | D:2      | Gained mutation: You passively dampen the noise of your
                  | surroundings. [potion of mutation]
  2995 | D:2      | Killed from afar by an orc priest

Illustrated notes

Levels and vault maps discovered:
D:1:      minmay_arrival_four_houses, layout_basic
D:2:      kennysheep_six_static_rooms, layout_loops_ring,
          shapermc_ecumenical_altar_petra

Skill      XL: |  1  2  3 |
---------------+----------+-----
Stealth        | 3 |  3.6
Air Magic      | 4 |  4.2
Dodging        | |  1.5
Spellcasting   | |  2.1
Conjurations   | |  1.0

Action                   || total
-------------------------++-------
Melee: Unarmed           ||     2
       Bite              ||     1
       Staff             ||     5
 Cast: Shock             ||    87
  Use: Scroll            ||     3
       Potion            ||     2
Armor: Robe              ||     4
Dodge: Dodged            ||    17
